 Dungeon Crawl Stone Soup version 0.21-a0-625-g1119ec1 (webtiles) character file.

42273 Charly the Severer (level 13, 0/125 HPs)
             Began as a Minotaur Berserker on Dec 24, 2017.
             Was a High Priest of Trog.
             Slain by a mana viper (2 damage)
             ... on level 4 of the Snake Pit on Dec 25, 2017.
             The game lasted 00:51:36 (4722 turns).

Charly the Severer (Minotaur Berserker)             Turns: 4722, Time: 00:51:37

Health: 0/125      AC: 17    Str: 24    XL:     13   Next: 84%
Magic:  8/12       EV: 12    Int:  4    God:    Trog [*****.]
Gold:   33         SH:  0    Dex: 15    Spells: 12/12 levels left

rFire    . . .     SeeInvis .   b - +6 broad axe (elec)
rCold    + . .     Gourm    .   (no shield)
rNeg     . . .     Faith    .   v - +1 chain mail {rPois}
rPois    .         Spirit   .   (helmet unavailable)
rElec    .         Reflect  .   j - +2 cloak
rCorr    .         Harm     .   (no gloves)
MR       +....                  (no boots)
Stlth    ..........             (no amulet)
HPRegen  0.30/turn              s - ring of protection from magic
MPRegen  0.13/turn              d - ring of protection from cold

@: lethally poisoned (0 -> -1), poison vulnerable, berserk cooldown, slowed,
held, very slow
A: retaliatory headbutt, horns 3, talons 1, strong 1
a: Berserk, Trog's Hand, Brothers in Arms, Burn Spellbooks, Renounce Religion


You were on level 4 of the Snake Pit.
You worshipped Trog.
Trog was extremely pleased with you.
You were not hungry.

You visited 3 branches of the dungeon, and saw 23 of its levels.

You collected 33 gold pieces.

Inventory:

Hand Weapons
 a - a +4 antimagic battleaxe
 b - a +6 broad axe of electrocution (weapon)
 q - the +7 great mace "Undeadhunter" {disrupt, rN+}
   (You took it off an orc wizard on level 7 of the Dungeon)

   It protects you from negative energy.
Missiles
 r - 2 throwing nets (quivered)
Armour
 f - a +0 troll leather armour
 j - a +2 cloak (worn)
 n - a +0 plate armour of magic resistance
 v - a +1 chain mail of poison resistance (worn)
 x - a +2 hat
Jewellery
 d - a ring of protection from cold (right hand)
 m - an uncursed ring of fire
 o - an uncursed ring of positive energy
 s - a ring of protection from magic (left hand)
 y - an uncursed ring of magical power
Wands
 t - a wand of enslavement (12)
 C - a wand of scattershot (5)
 D - a wand of iceblast (2)
Scrolls
 g - 4 scrolls of remove curse
 h - a scroll of immolation
 i - a scroll of blinking
 k - 3 scrolls of teleportation
 w - 4 scrolls of enchant armour
 A - 2 scrolls of identify
 B - a scroll of fog
Potions
 e - 2 potions of heal wounds
 l - a potion of haste
 p - 2 potions of resistance
 z - a potion of mutation
Miscellaneous
 u - a sack of spiders
Comestibles
 c - 18 rations


   Skills:
 + Level 14.4 Fighting
 - Level 17.0 Axes
 + Level 13.4 Armour
 + Level 11.0 Dodging


You had 12 spell levels left.
You didn't know any spells.

Dungeon Overview and Level Annotations

Branches:
Dungeon (14/15) Temple (0/1) D:7 Lair (5/6) D:10 Snake (4/4) Lair:3 Vaults (0/5) D:13 D:14 Swamp: Lair:2-4 Shoals: Lair:2-4 Slime: Lair:5-6 Orc: D:9-12

Altars:
Ashenzari
Gozag
Qazlal

Shops:
D:9 }(   D:11 [

Annotations:
D:3 Charly's ghost, amateur MiBe
D:8 Lanoc's ghost, novice GnMo


Innate Abilities, Weirdness & Mutations

You reflexively headbutt those who attack you in melee.
You have a pair of large horns on your head.
You have sharp toenails.
Your muscles are strong. (Str +2)


Message History

Your chain mail prevents you from hitting the anaconda.
The anaconda is heavily wounded.
You hit the mana viper. The mana viper barely misses you.
You furiously retaliate!
You headbutt the mana viper.
The anaconda bites you but does no damage.
* * * LOW HITPOINT WARNING * * *
The anaconda constricts you. The mana viper barely misses you.
You furiously retaliate!
You headbutt the mana viper!!
The anaconda bites you but does no damage.
* * * LOW HITPOINT WARNING * * *
The anaconda constricts you.
Unknown command.
Unknown command.
Unknown command.
You slice the anaconda!!
The anaconda is almost dead.
You closely miss the mana viper.
You feel sick. The anaconda bites you!
* * * LOW HITPOINT WARNING * * *
x2 The anaconda constricts you.
The mana viper bites you.
You die...

#####.#####......###...
#....# ##..#.#...#...
###.######......###.....
##...##..[.....###
#..... #.......#....#.
#..##.. .
#...#####(.##.# #......
..#### #(##..# #..###..
... #(...# #.. #.. #...
#####@)### #.. #NN.
#...SS## #...
#N..#...NN# ..##
#..'.#...# .# #
#..'.#..## # #...#....#
#...##....# #..N# ......
...# ..##....


You could see an anaconda, a naga ritualist, a mana viper and a naga.

Vanquished Creatures
  A nagaraja (Snake:2)
  3 hydras
  3 naga warriors
  7 two-headed ogres
  A centaur warrior (D:14)
  A tengu warrior (D:10)
  An anaconda (Snake:2)
  Urug (D:14)
  2 naga sharpshooters (Snake:4)
  A shock serpent (Snake:1)
  Sonja (D:11)
  A naga ritualist (Snake:4)
  2 ugly things
  2 mana vipers
  A cyclops (D:13)
  4 naga magi
  6 black mambas
  Joseph (D:8)
  6 spiny frogs
  A gargoyle (D:14)
  A centaur skeleton (D:12)
  7 komodo dragons
  2 rime drakes
  A polar bear (Lair:3)
  4 trolls
  A hornet (D:12)
  6 dream sheep (Lair:4)
  4 hippogriffs
  2 wyverns
  25 yaks
  11 humans
  2 basilisks (Lair:3)
  6 vampire mosquitoes
  A warg (shapeshifter) (D:11)
  6 nagas
  An acid dragon (D:13)
  8 porcupines
  8 water moccasins
  7 orc warriors
  2 ice beasts
  2 sky beasts
  A black bear (D:7)
  A phantom (D:10)
  4 ogres
  4 crocodiles
  14 centaurs
  5 wolves (Lair:2)
  11 bullfrogs
  A gnoll sergeant (D:12)
  4 crimson imps
  5 jellies
  5 hounds
  2 bullfrog skeletons
  3 orc priests
  Crazy Yiuf (D:2)
  19 orc wizards
  12 iguanas
  Natasha (D:2)
  9 worker ants
  A hound zombie (D:11)
  2 hound skeletons
  A worker ant zombie (D:7)
  7 adders
  3 gnolls (D:12)
  An adder zombie (D:7)
  An adder skeleton (D:5)
  A dart slug (D:1)
  4 leopard geckos
  37 orcs
  3 bats
  4 goblins (D:1)
  5 hobgoblins
  10 jackals
  3 quokkas
  2 ball pythons (D:1)
  A frilled lizard (D:5)
  2 kobolds (D:1)
  A leopard gecko skeleton (D:7)
  A leopard gecko zombie (D:6)
  A rat (D:2)
  2 fungi
  A plant (Lair:3)
349 creatures vanquished.

Vanquished Creatures (others)
  A human (D:14)
  A centaur (D:11)
  3 electric eels (Lair:5)
  2 fungi (Lair:4)
7 creatures vanquished.

Grand Total: 356 creatures vanquished

Notes
Turn   | Place    | Note
-------+----------+-------------------------------------------
     0 | D:1      | Charly the Minotaur Berserker began the quest for the Orb.
     0 | D:1      | Reached XP level 1. HP: 19/19 MP: 0/0
   105 | D:1      | Reached skill level 4 in Axes
   123 | D:1      | Reached XP level 2. HP: 26/27 MP: 1/1
   289 | D:2      | Found a runed door.
   293 | D:2      | Noticed Crazy Yiuf
   297 | D:2      | Killed Crazy Yiuf
   297 | D:2      | Reached skill level 5 in Axes
   297 | D:2      | Reached XP level 3. HP: 33/33 MP: 2/2
   371 | D:2      | Found a stormy altar of Qazlal.
   443 | D:2      | Found a faded altar of an unknown god.
   502 | D:2      | Noticed Natasha
   507 | D:2      | Killed Natasha
   507 | D:2      | Reached XP level 4. HP: 41/41 MP: 3/3
   515 | D:2      | Reached ** piety under Trog
   526 | D:3      | Noticed Charly's ghost (amateur MiBe)
   633 | D:4      | Reached skill level 6 in Axes
   633 | D:4      | Reached XP level 5. HP: 43/47 MP: 4/4
   634 | D:4      | Reached skill level 5 in Fighting
   682 | D:5      | Entered Level 5 of the Dungeon
   770 | D:5      | Reached skill level 7 in Axes
   770 | D:5      | Reached XP level 6. HP: 49/56 MP: 5/5
   874 | D:5      | Noticed a sky beast
   880 | D:5      | Reached skill level 8 in Axes
   884 | D:5      | Killed a sky beast
   884 | D:5      | Reached XP level 7. HP: 54/64 MP: 6/6
  1020 | D:6      | Reached skill level 9 in Axes
  1144 | D:7      | Reached XP level 8. HP: 46/73 MP: 7/7
  1167 | D:7      | Noticed a hippogriff
  1176 | D:7      | Killed a hippogriff
  1176 | D:7      | Reached skill level 10 in Axes
  1205 | D:7      | Reached *** piety under Trog
  1218 | D:7      | Reached skill level 5 in Armour
  1269 | D:7      | Reached skill level 11 in Axes
  1294 | D:7      | Noticed a two-headed ogre
  1297 | D:7      | Noticed a cyan ugly thing
  1303 | D:7      | Killed a two-headed ogre
  1303 | D:7      | Reached XP level 9. HP: 81/82 MP: 8/8
  1308 | D:7      | Killed a cyan ugly thing
  1308 | D:7      | Reached skill level 12 in Axes
  1458 | D:7      | Reached **** piety under Trog
  1586 | D:7      | Found a staircase to the Ecumenical Temple.
  1614 | D:8      | Noticed Joseph
  1628 | D:8      | Killed Joseph
  1628 | D:8      | Reached XP level 10. HP: 92/92 MP: 9/9
  1688 | D:8      | Noticed Lanoc's ghost (novice GnMo)
  1759 | D:9      | Found Vetz's Gadget Shoppe.
  1761 | D:10     | Entered Level 10 of the Dungeon
  1774 | D:10     | Reached skill level 13 in Axes
  1810 | D:11     | Noticed an eight-headed hydra
  1817 | D:11     | Killed an eight-headed hydra
  1817 | D:11     | Reached skill level 10 in Fighting
  1929 | D:11     | Noticed Sonja
  2194 | D:14     | Noticed a deep elf mage
  2202 | D:14     | Noticed a two-headed ogre
  2215 | D:14     | Found a gate to the Vaults.
  2215 | D:14     | Noticed a centaur warrior
  2215 | D:14     | Noticed Urug
  2215 | D:14     | Noticed a two-headed ogre
  2218 | D:14     | Noticed a gargoyle
  2222 | D:13     | Reached ***** piety under Trog
  2222 | D:13     | Reached skill level 14 in Axes
  2223 | D:13     | Reached skill level 5 in Dodging
  2282 | D:13     | Noticed a cyclops
  2291 | D:13     | Reached XP level 11. HP: 93/101 MP: 10/10
  2361 | D:14     | Killed a two-headed ogre
  2367 | D:14     | Killed a centaur warrior
  2371 | D:14     | Killed Urug
  2375 | D:14     | Killed a two-headed ogre
  2375 | D:14     | Reached skill level 15 in Axes
  2394 | D:12     | Paralysed by a hornet for 2 turns
  2519 | D:9      | Reached skill level 10 in Armour
  2532 | D:9      | Found a shattered altar of Ashenzari.
  2574 | D:9      | Found Pioz's Antique Weapon Shoppe.
  2662 | D:10     | Noticed a two-headed ogre
  2668 | D:10     | Killed a two-headed ogre
  2749 | D:10     | Gained mutation: You have sharp toenails. [potion of mutation]
  2749 | D:10     | Gained mutation: You have a pair of large horns on your head. [potion of mutation]
  2749 | D:10     | Gained mutation: Your muscles are strong. (Str +2) [potion of mutation]
  2857 | D:10     | Noticed a tengu warrior
  2865 | D:10     | Killed a tengu warrior
  3074 | D:11     | Noticed a six-headed hydra
  3077 | D:11     | Noticed a two-headed ogre
  3079 | D:11     | Noticed a red ugly thing
  3080 | D:11     | Killed a six-headed hydra
  3080 | D:11     | Reached XP level 12. HP: 112/112 MP: 11/11
  3092 | D:12     | Killed a two-headed ogre
  3177 | D:11     | Killed Sonja
  3219 | D:11     | Noticed a two-headed ogre
  3227 | D:11     | Killed a two-headed ogre
  3235 | D:11     | Noticed a two-headed ogre
  3240 | D:11     | Killed a two-headed ogre
  3240 | D:11     | Reached skill level 16 in Axes
  3262 | D:11     | Found Tulihepi's Armour Boutique.
  3401 | D:12     | Received a gift from Trog
  3430 | D:12     | Found an opulent altar of Gozag.
  3592 | D:10     | Found a staircase to the Lair.
  3596 | Lair:1   | Entered Level 1 of the Lair of Beasts
  3910 | Lair:4   | Noticed an eight-headed hydra
  3963 | Lair:5   | Noticed a four-headed hydra
  3978 | Lair:5   | Killed a four-headed hydra
  3989 | Lair:5   | Reached skill level 17 in Axes
  4100 | Lair:3   | Reached XP level 13. HP: 95/119 MP: 12/12
  4366 | Lair:3   | Found a staircase to the Snake Pit.
  4375 | Snake:1  | Entered Level 1 of the Snake Pit
  4462 | Snake:2  | Reached skill level 10 in Dodging
  4469 | Snake:2  | Noticed a nagaraja
  4544 | Snake:2  | Killed a nagaraja
  4605 | Snake:4  | Entered Level 4 of the Snake Pit
  4650 | Snake:4  | Received a gift from Trog
  4722 | Snake:4  | HP: 5/125 [anaconda (11)]
  4722 | Snake:4  | HP: 2/125 [anaconda (3)]
  4722 | Snake:4  | Slain by a mana viper

Vault maps used:
D:1:      lightli_arrival_statue_moat
D:2:      nicolae_qazlal_eye_of_the_storm, gammafunk_temple_overflow_forgotten,
          chequers_ecumenical_altar_lobes, uniq_natasha, uniq_crazy_yiuf_cottage
D:3:      marbit_many_paths
D:4:      hangedman_decor_slide_cut
D:5:      first_ration, nemelex_diamond_rough_becter
D:6:      minmay_misc_feat_alley
D:7:      minmay_the_grid_octo_tiled_squarecenter, serial_shops, shop
D:8:      uniq_pikel, uniq_joseph, uniq_psyche
D:9:      hangedman_screamer, evilmike_ruin_ashenzari, serial_shops, shop,
          nicolae_shop_waterfront, kennysheep_mini, uniq_prince_ribbit1
D:10:     lair_entry_dummy, grunt_tengu_nest
D:11:     serial_shops, shop, uniq_sonja
D:12:     david_orc_4, nicolae_gozag_cash_rules_everything_around_me
D:14:     david_vaults_3, kennysheep_inner_square
Lair:3:   beast_lair_carwin_large_4, dummy_snake_entry, lemuel_fruit_fields
Lair:4:   minmay_shoals_entry_centaurs, grunt_megastairs_5
Lair:5:   dpeg_slime_entry_corner, nicolae_quartered_pool_super
Snake:1:  minmay_shoptagon, uniq_aizul
Snake:2:  spider_trap, uniq_saint_roka, uniq_vashnia, uniq_agnes
Snake:3:  uniq_roxanne
Snake:4:  johnstein_snake_rune_scales

Skill      XL: |  1  2  3  4  5  6  7  8  9 10 11 12 13 |
---------------+----------------------------------------+-----
Axes           | 4 5 6 7 8 9 11 12 14 15 17 | 17.0
Fighting       | 4 5 6 7 8 9 10 11 12 14 | 14.4
Armour         | 3 6 7 9 10 11 13 | 13.4
Dodging        | 5 7 9 11 | 11.0

Action                   |  1- 3 |  4- 6 |  7- 9 | 10-12 | 13-15 || total
-------------------------+-------+-------+-------+-------+-------++-------
Melee: Hand axe          |    37 |    23 |       |       |       ||    60
       Headbutt          |     4 |    12 |    29 |    70 |    37 ||   152
       War axe           |       |    37 |   144 |   142 |       ||   323
       Great mace        |       |       |       |    14 |       ||    14
       Broad axe         |       |       |       |   175 |   118 ||   293
       Kick              |       |       |       |    56 |    49 ||   105
Invok: Berserk           |     3 |     3 |     6 |    17 |     6 ||    35
       Trog's Hand       |       |       |     1 |     8 |     4 ||    13
       Burn Spellbooks   |       |       |     1 |     2 |     1 ||     4
Evoke: Sack of spiders   |       |       |       |     6 |       ||     6
       Wand              |       |       |       |    21 |     6 ||    27
  Use: Scroll            |       |       |    10 |    12 |     1 ||    23
       Potion            |       |       |       |     2 |       ||     2
 Stab: Sleeping          |     1 |       |       |     1 |       ||     2
       Invisible         |       |       |       |     5 |       ||     5
       Paralysed         |       |       |       |     5 |       ||     5
  Eat: Chunk             |     1 |     2 |     7 |    13 |     6 ||    29
       Ration            |       |     1 |       |     4 |     2 ||     7
Armor: Animal skin       |    10 |    27 |       |       |       ||    37
       Plate armour      |       |       |    88 |   131 |       ||   219
       Chain mail        |       |       |       |    74 |    35 ||   109
       Troll leather arm |       |       |       |     1 |       ||     1
Dodge: Dodged            |    18 |    50 |    52 |   195 |    77 ||   392

Table legend:
 A = Spawn XP
 B = Non-spawn XP
 C = Spawn XP percentage of total XP
 D = Spawn monster count
 E = Non-spawn monster count
 F = Spawn count percentage of total count
 G = Total turns spent on level
                    A         B        C        D         E        F      G
               +---------+---------+-------+---------+---------+-------+---------
         Total |       0 |   60390 |   0.0 |       0 |     347 |   0.0 |  4722
               +---------+---------+-------+---------+---------+-------+---------
           D:1 |       0 |      26 |   0.0 |       0 |      13 |   0.0 |   256
           D:2 |       0 |     112 |   0.0 |       0 |      15 |   0.0 |   299
           D:3 |       0 |       6 |   0.0 |       0 |       4 |   0.0 |    44
           D:4 |       0 |     143 |   0.0 |       0 |       7 |   0.0 |    85
           D:5 |       0 |     522 |   0.0 |       0 |      15 |   0.0 |   295
           D:6 |       0 |     335 |   0.0 |       0 |      10 |   0.0 |    54
           D:7 |       0 |    4082 |   0.0 |       0 |      50 |   0.0 |   559
           D:8 |       0 |     797 |   0.0 |       0 |       9 |   0.0 |   160
           D:9 |       0 |     235 |   0.0 |       0 |       5 |   0.0 |   110
          D:10 |       0 |    3326 |   0.0 |       0 |      22 |   0.0 |   559
          D:11 |       0 |    7143 |   0.0 |       0 |      34 |   0.0 |   603
          D:12 |       0 |    3967 |   0.0 |       0 |      27 |   0.0 |   342
          D:13 |       0 |    1886 |   0.0 |       0 |       9 |   0.0 |   147
          D:14 |       0 |    5476 |   0.0 |       0 |      17 |   0.0 |    83
        Lair:1 |       0 |     912 |   0.0 |       0 |       3 |   0.0 |    49
        Lair:2 |       0 |    3869 |   0.0 |       0 |      23 |   0.0 |   257
        Lair:3 |       0 |    7324 |   0.0 |       0 |      40 |   0.0 |   234
        Lair:4 |       0 |    4392 |   0.0 |       0 |      15 |   0.0 |   161
        Lair:5 |       0 |     907 |   0.0 |       0 |       3 |   0.0 |    78
       Snake:1 |       0 |    3189 |   0.0 |       0 |       7 |   0.0 |   148
       Snake:2 |       0 |    5133 |   0.0 |       0 |       6 |   0.0 |    56
       Snake:4 |       0 |    6608 |   0.0 |       0 |      13 |   0.0 |   115
               +---------+---------+-------+---------+---------+-------+---------
